Map: Blueshift LE

Players

Luc - Winner!

  • Race: Zerg Zerg
  • League: Platinum
  • Spawn Location: 7:00

Xavadar

  • Race: Zerg Zerg
  • League: Silver
  • Spawn Location: 1:00

VOD

Have the link to the VOD?

Description

Time

  • Played on: Dec. 6, 2018, 6:59 p.m.
  • Length: 19:44
Show
View Real Time Build Order
Export as new Build Order

Luc Zerg - Winner!

Build Orders: Hatch First 

Get SALT Encoding   

  12  0:01  Drone  
  13  0:13  Overlord  
  13  0:18  Drone  
  14  0:31  Drone x2  
  17  0:35  Drone  
  17  0:53  Hatchery  
  17  0:56  Drone  
  17  0:59  Drone  
  18  1:07  Drone  
  19  1:11  Extractor  
  19  1:18  Spawning Pool  
  17  1:21  Drone  
  18  1:28  Drone  
  19  1:42  Overlord  
  19  1:54  Drone  
  20  2:05  Queen  
  20  2:06  Queen  
  20  2:07  Zergling x4  
  26  2:15  Metabolic Boost  
  26  2:16  Drone x2  
  28  2:27  Spine Crawler  
  27  2:31  Zergling x4  
  27  2:35  Drone  
  30  2:45  Overlord x2  
  30  2:52  Drone  
  30  2:56  Drone  
  32  3:12  Queen  
  32  3:15  Drone  
  32  3:16  Drone  
  32  3:17  Hatchery  
  35  3:21  Drone x2  
  35  3:26  Drone  
  35  3:27  Drone  
  39  3:35  Roach Warren  
  39  3:40  Drone  
  39  3:47  Spine Crawler  
  38  3:59  Drone x3  
  38  4:00  Drone  
  42  4:05  Evolution Chamber  
  42  4:07  Evolution Chamber  
  40  4:14  Drone x4  
  40  4:15  Overlord x2  
  44  4:21  Overlord  
  44  4:29  Roach x3  
  49  4:41  Roach x2  
  49  4:42  Roach  
  55  4:48  Extractor  
  55  4:50  Extractor  
  53  4:59  Roach x2  
  57  5:12  Roach x3  
  57  5:13  Roach x2  
  65  5:16  Overlord  
  65  5:21  Queen  
  65  5:26  Lair  
  64  5:36  Drone x2  
  64  5:37  Drone  
  67  5:44  Roach x2  
  67  6:03  Drone  
  67  6:04  Drone x4  
  71  6:07  Queen  
  74  6:28  Roach x4  
  74  6:31  Overlord x3  
  80  6:38  Ravager  
  80  6:39  Ravager  
  82  6:46  Overlord  
  82  6:47  Overlord  
  82  6:51  Hatchery  
  79  6:55  Glial Reconstitution  
  79  7:01  Hydralisk Den, Drone x2  
  72  7:03  Drone x2  
  72  7:07  Drone x4  
  70  7:16  Hatchery  
  62  7:34  Roach  
  62  7:35  Roach x8  
  68  7:45  Grooved Spines  
  67  8:00  Roach x6  
  77  8:11  Evolution Chamber  
  77  8:12  Evolution Chamber  
  75  8:16  Extractor  
  64  8:23  Zergling x8  
  64  8:24  Zergling x6  
  69  8:27  Ravager  
  69  8:28  Ravager  
  69  8:31  Queen  
  69  8:32  Queen  
  69  8:33  Queen  
  77  8:37  Zerg Missile Weapons Level 1  
  77  8:44  Roach  
  77  8:45  Roach x4  
  83  8:56  Drone  
  83  8:57  Drone x3  
  87  9:05  Zerg Ground Armor Level 1  
  87  9:16  Roach  
  87  9:17  Roach x4  
  97  9:24  Hatchery  
  96  9:43  Drone  
  96  9:44  Overlord x2  
  97  9:56  Extractor  
  97  9:57  Queen, Spore Crawler  
  97  10:00  Spore Crawler  
  97  10:01  Drone  
  97  10:04  Spore Crawler  
  97  10:06  Muscular Augments  
  96  10:10  Drone x4  
  96  10:11  Extractor, Drone x4  
  96  10:12  Drone  
  96  10:13  Roach  
  96  10:14  Roach x2, Spore Crawler  
  109  10:34  Roach x2  
  111  10:37  Hydralisk x4  
  119  10:44  Zerg Missile Weapons Level 2  
  119  10:51  Overlord x2  
  119  10:59  Infestation Pit  
  118  11:09  Queen, Hydralisk x2  
  118  11:10  Hydralisk x2  
  118  11:11  Roach x3  
  134  11:18  Zerg Ground Armor Level 2  
  134  11:25  Drone  
  134  11:28  Spine Crawler  
  134  11:30  Overlord x2  
  134  11:51  Drone x4  
  134  11:52  Roach x2, Hydralisk, Drone  
  134  11:53  Roach x2, Hydralisk  
  149  11:58  Hive  
  149  12:01  Overlord  
  149  12:27  Overseer x3  
  149  12:29  Overseer  
  149  12:33  Spore Crawler  
  149  12:36  Spore Crawler  
  148  12:37  Drone x4  
  148  12:38  Roach x4  
  148  12:42  Spine Crawler  
  158  12:50  Ravager  
  158  12:51  Ravager  
  160  12:53  Overlord x4  
  160  12:58  Spire  
  151  13:24  Pneumatized Carapace  
  151  13:25  Tunneling Claws  
  143  13:27  Zerg Missile Weapons Level 3  
  143  13:30  Burrow  
  143  13:31  Drone x4  
  147  13:53  Roach x4, Viper x2  
  147  13:54  Roach, Hatchery x2  
  161  13:58  Roach  
  161  13:59  Roach x6  
  175  14:07  Ultralisk Cavern  
  172  14:38  Roach  
  172  14:39  Roach x10  
  192  14:49  Zerg Melee Weapons Level 1  
  139  15:13  Ultralisk  
  145  15:21  Extractor  
  145  15:22  Drone x7  
  145  15:23  Extractor  
  145  15:24  Drone  
  145  15:25  Drone  
  152  15:37  Hatchery  
  152  15:41  Chitinous Plating  
  151  15:43  Zergling x4  
  151  15:44  Zergling x18  
  151  15:45  Adrenal Glands  
  162  15:50  Overseer  
  162  16:04  Zerg Ground Armor Level 3  
  162  16:13  Spine Crawler  
  162  16:15  Spine Crawler  
  153  16:38  Roach x11  
  153  16:39  Roach x11  
  161  16:55  Drone  
  161  16:56  Drone x7  
  169  17:14  Hatchery  
  168  17:16  Zergling x10  
  168  17:17  Zergling x24  
  113  17:45  Ultralisk x2  
  113  17:46  Ultralisk  
  112  17:58  Roach x7  
  116  18:13  Zergling x2  
  116  18:14  Zergling x22  
  119  18:34  Hydralisk x5  
  119  18:35  Hydralisk x3  
  133  18:48  Mutalisk x5  
  133  19:08  Mutalisk x6  
  133  19:09  Mutalisk  
Show
View Real Time Build Order
Export as new Build Order

Xavadar Zerg 

Build Orders: Pool First, Lurkers, Swarm Host, Ravager All-In 

Get SALT Encoding   

  12  0:01  Drone  
  13  0:08  Drone  
  14  0:16  Overlord  
  14  0:27  Evolution Chamber, Drone  
  14  0:35  Drone x2  
  16  0:45  Drone  
  16  0:47  Extractor  
  16  0:55  Drone  
  17  1:08  Drone  
  17  1:09  Spawning Pool  
  17  1:16  Drone  
  18  1:27  Drone  
  19  1:38  Drone  
  20  1:43  Extractor  
  19  1:51  Zerg Missile Weapons Level 1  
  19  1:56  Roach Warren  
  19  1:57  Queen  
  19  1:58  Drone  
  19  2:00  Drone  
  22  2:11  Overlord  
  22  2:23  Overlord  
  22  2:38  Roach  
  24  2:49  Roach  
  26  3:05  Roach x2  
  30  3:06  Overlord x3  
  30  3:23  Hatchery  
  29  3:28  Drone  
  29  3:31  Roach  
  34  3:48  Roach  
  34  4:07  Drone x3  
  34  4:08  Drone x2  
  39  4:20  Lair  
  39  4:21  Zerg Ground Armor Level 1  
  40  4:24  Drone  
  40  4:40  Ravager x2  
  40  4:41  Ravager x3  
  45  4:48  Drone x3  
  45  4:49  Drone x2  
  48  5:34  Roach x3  
  48  5:35  Roach x3  
  54  5:40  Queen  
  53  5:57  Overlord x4  
  53  6:22  Hydralisk Den  
  52  6:42  Drone x3  
  52  6:43  Drone  
  52  6:45  Spine Crawler  
  52  6:46  Spine Crawler  
  48  7:10  Hydralisk x7  
  48  7:11  Hydralisk  
  64  7:34  Queen  
  48  8:24  Hydralisk x6  
  58  8:30  Queen, Lurker Den  
  59  8:55  Hydralisk x3  
  49  8:56  Hydralisk  
  57  9:04  Spine Crawler, Drone x2  
  57  9:05  Spine Crawler, Queen  
  57  9:06  Spine Crawler x2  
  57  9:08  Spine Crawler  
  56  9:17  Grooved Spines, Zerg Missile Weapons Level 2  
  56  9:27  Roach x3  
  56  9:28  Overlord x2  
  62  9:35  Extractor  
  61  9:38  Extractor  
  61  9:39  Hatchery  
  59  9:48  Extractor, Drone x3  
  59  9:49  Extractor, Drone x2  
  59  9:51  Drone  
  63  9:53  Drone x2  
  63  9:54  Drone  
  66  10:08  Drone x2  
  66  10:09  Drone x2  
  70  10:14  Drone x2  
  72  10:24  Infestation Pit  
  71  10:28  Muscular Augments  
  71  10:39  Roach x3  
  71  10:40  Roach x5  
  87  10:56  Drone x3  
  90  10:58  Queen, Drone  
  90  11:00  Drone x5  
  90  11:01  Overlord  
  98  11:25  Lurker x8  
  105  11:30  Overlord x2  
  106  11:37  Hive  
  106  11:45  Zerg Ground Armor Level 2  
  98  12:32  Swarm Host x7  
  98  12:33  Swarm Host  
  122  12:49  Overlord x3  
  122  12:50  Adaptive Talons  
  122  13:06  Overlord x2  
  122  13:08  Viper x3  
  128  13:51  Hydralisk x4  
  128  13:52  Roach x3  
  128  13:53  Roach x7  
  128  13:55  Hatchery  
  134  14:43  Hydralisk x12  
  151  15:13  Lurker x7  
  151  15:14  Lurker x2, Overlord x3  
  160  15:16  Zergling x4  
  162  15:40  Hatchery  
  161  15:44  Hatchery  
  161  15:46  Hatchery x2  
  161  15:47  Drone  
  132  16:57  Lurker x6  
  138  17:02  Drone x3  
  138  17:03  Drone x4  
  105  17:55  Hydralisk x9  
  94  18:35  Lurker x2  
  94  18:36  Lurker x7  
  94  18:38  Zergling x18  
  104  18:50  Zergling x6  
Tags
 
Add a new tag
Caveats
  • Supply blocks, unpowered buildings, or Contaminate may cause inaccurate times.
  • Supply counts are checked every 10 seconds.